[Event "Early-Titled-Tuesday-Blitz-October-10-2023"]
[Site "Chess.com"]
[Date "2023.10.10"]
[Round "5"]
[White "RianKapriaga"]
[Black "Sanyura"]
[Result "1-0"]
[WhiteElo "2316"]
[BlackElo "2558"]
[TimeControl "180+1"]
[EndTime "8:53:34 PDT"]
[Termination "RianKapriaga won by resignation"]

1. d4 Nf6 2. Nf3 g6 3. c4 d6 4. Nc3 Bg7 5. Bg5 O-O 6. e3 Nbd7 7. Be2 c6 8. O-O a6 9. Qc2 b5 10. Rad1 Bb7 11. a3 bxc4 12. Bxc4 c5 13. d5 a5 14.
e4 Ba6 15. Nd2 Qb6 16. Rfe1 Rfb8 17. Bxa6 Qxa6 18. Nf3 a4 19. e5 dxe5 20. Nxe5 Nxe5 21. Rxe5 Rb7 22. Rde1 Qc4 23. Qd2 Rab8 24. Rxe7 Rxb2 25. Qxb2 Rxb2 26. Re8+ Nxe8 27. Rxe8+ Bf8 28. Bh6 Rb1+ 29.
Nxb1 Qc1+ 30. Bxc1 1-0

[Event "Early-Titled-Tuesday-Blitz-October-10-2023"]
[Site "Chess.com"]
[Date "2023.10.10"]
[Round "5"]
[White "maximnovik"]
[Black "SirStrateg"]
[Result "0-1"]
[WhiteElo "2438"]
[BlackElo "2585"]
[TimeControl "180+1"]
[EndTime "8:53:35 PDT"]
[Termination "SirStrateg won by resignation"]

1. e4 d6 2. d4 Nf6 3. Nc3 c6 4. f4 Qa5 5. Bd3 e5 6. Nf3 exd4 7. Nxd4 g6 8. Nb3 Qc7 9. Be3 Bg7 10. Qd2 O-O 11. h3 b5 12. a3 a6 13. g4 Bb7 14.
O-O-O c5 15. g5 Nh5 16. Be2 Ng3 17. Rhe1 c4 18. Nd4 Nxe4 19. Nxe4 Bxe4 20. Bf3 d5 21. Bxe4 dxe4 22. f5 Re8 23. f6 Bf8 24. Bf4 Qb7 25.
h4 Nc6 26. Nxc6 Qxc6 27. c3 a5 28. h5 b4 29. hxg6 fxg6 30. Qd7 Qxd7 31. Rxd7 Red8 32. Red1 Rxd7 33. Rxd7 bxa3 34. Be5 h5 35. gxh6 a2 36.
h7+ Kh8 37. f7+ Kxh7 38. Rd1 a1=Q+ 39. Kd2 Rd8+ 0-1

[Event "Early-Titled-Tuesday-Blitz-October-10-2023"]
[Site "Chess.com"]
[Date "2023.10.10"]
[Round "5"]
[White "FGHSMN"]
[Black "combidharma"]
[Result "1-0"]
[WhiteElo "2864"]
[BlackElo "2654"]
[TimeControl "180+1"]
[EndTime "8:53:36 PDT"]
[Termination "FGHSMN won by resignation"]

1. Nf3 Nf6 2. b3 d5 3. Bb2 c6 4. g3 Bf5 5. Bg2 e6 6. O-O Nbd7 7. c4 Be7 8. Nc3 O-O 9. Nh4 Bg6 10. Nxg6 hxg6 11. d4 Bb4 12. e3 Re8 13. Qc2 Rc8 14.
a3 Bd6 15. c5 Be7 16. b4 Qc7 17. a4 e5 18. b5 e4 19. a5 a6 20. bxa6 bxa6 21.
Na4 Ra8 22. Bc3 g5 23. Rab1 Nf8 24. Rb6 Ra7 25. Qe2 g4 26. Rxa6 Rea8 27. Rxa7 Rxa7 28. Rb1 N8d7 29. Nb6 Nb8 30. h3 gxh3 31. Bxh3 Bd8 32. Qb2 Na6 33. Na4 Ra8 34. Qe2 Qa7 35. Nb6 Rb8 36. Rb2 Nc7 37. Nc8 Rxb2 38. Qxb2 Qa6 39. Qb8 Qd3 40. Nd6 Qd1+ 41. Kh2 Qf3 42. Qxd8+ Kh7 43.
Bf5+ g6 44. Be1 gxf5 45. Qxf6 1-0

[Event "Early-Titled-Tuesday-Blitz-October-10-2023"]
[Site "Chess.com"]
[Date "2023.10.10"]
[Round "5"]
[White "Cheer_Down"]
[Black "GaiozNigalidze"]
[Result "0-1"]
[WhiteElo "2496"]
[BlackElo "2708"]
[TimeControl "180+1"]
[EndTime "8:53:36 PDT"]
[Termination "GaiozNigalidze won by checkmate"]

1. e4 c5 2. Nf3 d6 3. d4 cxd4 4. Nxd4 Nf6 5. Nc3 a6 6. Bg5 e6 7.
f4 Nbd7 8. Bc4 Qc7 9. Qe2 Be7 10. Bxe6 fxe6 11. Nxe6 Qb6 12. O-O-O Kf7 13. Nd5 Nxd5 14.
exd5 Nf6 15. Nxg7 Bg4 16. Qe1 h6 17. Bh4 Rhg8 18. h3 Bd7 19. Ne6 Rxg2 20. Qf1 Rag8 21. Qd3 Qb5 22. Qf5 Qe2 23. Rhe1 Qf3 24. Bxf6 Bxf6 25.
Ng5+ R8xg5 26. Qxd7+ Kg6 27. fxg5 Rxc2+ 28. Kxc2 Qf2+ 29.
Kb1 Qxb2# 0-1

[Event "Early-Titled-Tuesday-Blitz-October-10-2023"]
[Site "Chess.com"]
[Date "2023.10.10"]
[Round "5"]
[White "vladislavkovalev"]
[Black "Kirill_Klukin"]
[Result "1-0"]
[WhiteElo "2893"]
[BlackElo "2673"]
[TimeControl "180+1"]
[EndTime "8:53:37 PDT"]
[Termination "vladislavkovalev won by checkmate"]

1. e4 c5 2. Nf3 g6 3. d4 cxd4 4. Nxd4 Bg7 5. c3 Nc6 6. Be3 Nf6 7. Nd2 O-O 8. Be2 d5 9. Nxc6 bxc6 10. e5 Nd7 11. f4 e6 12. Nb3 Qe7 13. c4 f6 14.
exf6 Bxf6 15. Qd2 Qg7 16. Rb1 Ba6 17. O-O Nb6 18. Nc5 Nxc4 19. Bxc4 Bxc4 20. Nxe6 Qf7 21. Nxf8 Bxf1 22. Nxh7 Kxh7 23. Rxf1 d4 24. Bf2 Qxa2 25. f5 Qd5 26. fxg6+ Kg7 27. Qf4 Qe5 28. Qg4 Rd8 29. h4 Rd5 30. Bg3 Qe3+ 31. Kh2 d3 32. Rxf6 Kxf6 33. g7 Rd8 34. g8=Q Rxg8 35. Qxg8 d2 36.
Qf8+ Kg6 37. Qd6+ Kf5 38. h5 Qe2 39. Qg6# 1-0

[Event "Early-Titled-Tuesday-Blitz-October-10-2023"]
[Site "Chess.com"]
[Date "2023.10.10"]
[Round "5"]
[White "Fan_Of_Chucky"]
[Black "mapleaff"]
[Result "1-0"]
[WhiteElo "2537"]
[BlackElo "2376"]
[TimeControl "180+1"]
[EndTime "8:53:40 PDT"]
[Termination "Fan_Of_Chucky won on time"]

1. d4 Nf6 2. c4 e6 3. Nc3 Bb4 4.
f3 c5 5. e4 cxd4 6. Qxd4 Nc6 7. Qe3 O-O 8. Bd3 d5 9. a3 d4 10. Qe2 dxc3 11. axb4 Nxb4 12. Bb1 cxb2 13. Bxb2 Qb6 14.
e5 Nd7 15. Nh3 Nc5 16. Nf2 Nb3 17. Qe4 g6 18. h4 Nxa1 19. Bxa1 Qa5 20. Bc3 Qa3 21.
Qe3 Qb3 22. O-O Qxc4 23. Ne4 Nd5 24. Qh6 Bd7 25. Rd1 Rfd8 26. Rxd5 Bc6 27. Nf6+ 1-0

[Event "Early-Titled-Tuesday-Blitz-October-10-2023"]
[Site "Chess.com"]
[Date "2023.10.10"]
[Round "5"]
[White "DawidCzerw"]
[Black "Leonid_Starozhilov"]
[Result "0-1"]
[WhiteElo "2536"]
[BlackElo "2739"]
[TimeControl "180+1"]
[EndTime "8:53:41 PDT"]
[Termination "Leonid_Starozhilov won on time"]

1. e4 g6 2. d4 Bg7 3. Nc3 a6 4. a4 d6 5. f4 Nf6 6. Nf3 O-O 7.
Be2 Nc6 8. O-O Bg4 9. e5 Nh5 10. Be3 dxe5 11. dxe5 f6 12. h3 Be6 13. Qe1 fxe5 14.
Ng5 Qc8 15. f5 Bxf5 16. g4 Nf4 17. Bxf4 exf4 18. Bc4+ Kh8 19. gxf5 Qxf5 20. Nf7+ Rxf7 21. Bxf7 Qxf7 22. Qe4 Rf8 23. Rad1 f3 24. Rd7 Be5 25. Kh1 Bd6 0-1

[Event "Early-Titled-Tuesday-Blitz-October-10-2023"]
[Site "Chess.com"]
[Date "2023.10.10"]
[Round "5"]
[White "microbear"]
[Black "Gyulamiryan-koryun"]
[Result "1-0"]
[WhiteElo "2237"]
[BlackElo "2007"]
[TimeControl "180+1"]
[EndTime "8:53:41 PDT"]
[Termination "microbear won on time"]

1. e4 e5 2. Nf3 Nc6 3. d4 exd4 4. Bc4 Nf6 5. O-O d6 6. h3 Be7 7. Nxd4 Nxd4 8. Qxd4 O-O 9. Nc3 c6 10. Bf4 b5 11. Bb3 c5 12. Qe3 a6 13. Bd5 Rb8 14.
a3 b4 15. axb4 cxb4 16. Ne2 Nxd5 17. exd5 Rb5 18. Nd4 Rc5 19. Nc6 Rxc6 20. dxc6 Qc7 21. Rfe1 Bf6 22. Rad1 Qxc6 23. Bxd6 Rd8 24. Be7 Rxd1 25.
Rxd1 Bxe7 26. Qxe7 h6 27. Rd8+ Kh7 28. Qxf7 Be6 29.
Qf3 Qxc2 30. Qd3+ Qxd3 31. Rxd3 a5 32. Rd6 Bc4 33. Rc6 Bg8 34. Ra6 b3 35. Rxa5 Kg6 36.
Rc5 Kf6 37. Rc3 Ke5 38. g3 Kd4 39. h4 g6 40. Kh2 h5 41. f4 1-0

[Event "Early-Titled-Tuesday-Blitz-October-10-2023"]
[Site "Chess.com"]
[Date "2023.10.10"]
[Round "5"]
[White "Chessdreamer2020"]
[Black "WelshTiger"]
[Result "1-0"]
[WhiteElo "2547"]
[BlackElo "2408"]
[TimeControl "180+1"]
[EndTime "8:53:44 PDT"]
[Termination "Chessdreamer2020 won by resignation"]

1. e4 e5 2. Nf3 Nc6 3. Bb5 a6 4. Bxc6 dxc6 5. Nc3 f6 6. d4 exd4 7. Nxd4 c5 8. Nde2 Qxd1+ 9. Nxd1 Bd7 10. Bf4 O-O-O 11.
Ne3 Bc6 12. f3 Ne7 13. Rd1 Rxd1+ 14. Kxd1 Ng6 15. Bg3 Be7 16. Nf4 Rd8+ 17. Ke2 Nxf4+ 18. Bxf4 g6 19. h4 h5 20. c4 Re8 21. Kf2 Bd6 22. g3 Kd7 23. Rd1 Ke7 24. Nd5+ Bxd5 25. Rxd5 b6 26. Bd2 Ke6 27. f4 f5 28. Kf3 c6 29.
Rd3 Bf8 30. Bc3 b5 31. b3 fxe4+ 32. Kxe4 Be7 33. Be5 Rf8 34. Kf3 a5 35. Re3 Kd7 36. Rd3+ Ke6 37. a4 b4 38. Bc7 Ra8 39. Ke4 Ra7 40. Bb6 Rb7 41. Bxa5 Bf6 42. Bd8 Bd4 43. Rd2 Ra7 44. Ra2 Kd7 45. Bg5 Ke6 46. Kf3 Kf5 47. Re2 Bb2 48. Re7 Ra8 49. Rc7 Ra6 50. Rc8 Bd4 51. Re8 Ra8 52. Rxa8 1-0

[Event "Early-Titled-Tuesday-Blitz-October-10-2023"]
[Site "Chess.com"]
[Date "2023.10.10"]
[Round "5"]
[White "lolo9292"]
[Black "ChessTankMan"]
[Result "0-1"]
[WhiteElo "2168"]
[BlackElo "2519"]
[TimeControl "180+1"]
[EndTime "8:53:46 PDT"]
[Termination "ChessTankMan won by resignation"]

1. d4 Nf6 2. Nf3 e6 3. Bf4 c5 4. e3 Nc6 5. c3 d5 6. Nbd2 Bd6 7.
Bg3 O-O 8. Ne5 Bxe5 9. dxe5 Nd7 10. f4 f6 11. Nf3 fxe5 12. Nxe5 Ndxe5 13. fxe5 Qg5 14.
Bf4 Rxf4 15. exf4 Qxf4 16. Qe2 Nxe5 17. g3 Qf5 18. O-O-O Bd7 19. Bg2 Rf8 20. Rhf1 Qg5+ 21. Kb1 Rxf1 22. Rxf1 a6 23. Qf2 h6 24. h4 Qg6+ 25. Ka1 Bb5 26. Rd1 b6 27. Bh3 Ba4 28.
Rf1 Bd7 29. Qe3 Nc4 30. Qf4 Kh7 31. Rf2 e5 32. h5 Qxh5 33. Bf5+ Bxf5 34. Qxf5+ Qxf5 35.
Rxf5 Kg6 36. Rf8 e4 37. Kb1 d4 38. Kc1 e3 39. Kd1 d3 40. Rf4 Nxb2+ 41. Ke1 d2+ 0-1

[Event "Early-Titled-Tuesday-Blitz-October-10-2023"]
[Site "Chess.com"]
[Date "2023.10.10"]
[Round "5"]
[White "deribas12345"]
[Black "Tsyhanchuk_Stanislav"]
[Result "1-0"]
[WhiteElo "2603"]
[BlackElo "2462"]
[TimeControl "180+1"]
[EndTime "8:53:47 PDT"]
[Termination "deribas12345 won by checkmate"]

1. d4 Nf6 2. c4 e6 3. Nc3 Bb4 4. a3 Bxc3+ 5. bxc3 b6 6. f3 Nh5 7. Nh3 f5 8. Bg5 Nf6 9. e4 h6 10. Bh4 g5 11. Bf2 fxe4 12. fxe4 O-O 13. Bd3 Bb7 14. Qe2 d5 15. exd5 exd5 16. O-O dxc4 17. Bxc4+ Kg7 18. Bg3 Re8 19. Be5 Nd7 20. Rxf6 Nxf6 21. Rf1 Rf8 22. Nxg5 hxg5 23. Qh5 Be4 24. Qxg5+ Bg6 25. Bd3 Qe8 26. Rxf6 Rxf6 27. Qxf6+ Kh6 28. Qg7+ Kg5 29. h4+ Kxh4 30. Bxg6 Qf8 31. Qh7+ Kg5 32. Qh5# 1-0

[Event "Early-Titled-Tuesday-Blitz-October-10-2023"]
[Site "Chess.com"]
[Date "2023.10.10"]
[Round "5"]
[White "TERMINATOR_PC"]
[Black "GalaxyRoman"]
[Result "0-1"]
[WhiteElo "2627"]
[BlackElo "2804"]
[TimeControl "180+1"]
[EndTime "8:53:48 PDT"]
[Termination "GalaxyRoman won by resignation"]

1. e4 e5 2. Nf3 Nc6 3. Bc4 Bc5 4.
O-O Nf6 5. d3 d6 6. c3 a6 7. a4 Ba7 8. Re1 h6 9. Nbd2 O-O 10. h3 Be6 11. b4 Ne7 12. Bxe6 fxe6 13. Nc4 Ng6 14. Be3 Qd7 15. Bxa7 Rxa7 16. Kh2 Raa8 17. g3 Rf7 18. Re3 Raf8 19. Qe2 Nh5 20. Rf1 Qe7 21. Nb2 Rf6 22. Nd1 R6f7 23. Nxe5 Nxe5 24.
Qxh5 Nf3+ 25. Kg2 Kh7 26. e5 d5 27. d4 g6 28. Qg4 h5 29. Qxf3 Rxf3 30. Rxf3 Rxf3 31.
Kxf3 Qe8 32. a5 b6 33. axb6 cxb6 34. Ne3 Qc6 35. Rc1 a5 36. bxa5 bxa5 37. Ke2 Qb5+ 38. Kd2 a4 39. Nc2 g5 40. Ra1 Qd7 41. Ke2 g4 42. hxg4 hxg4 43. Ne3 Kg6 44. Kd2 Kg5 45. Nc2 Qf7 46. Ke2 Qf3+ 47. Kd2 Qxf2+ 0-1

[Event "Early-Titled-Tuesday-Blitz-October-10-2023"]
[Site "Chess.com"]
[Date "2023.10.10"]
[Round "5"]
[White "ZeGood_ZeBad_ZeUgly"]
[Black "JuniorJumper"]
[Result "1-0"]
[WhiteElo "2335"]
[BlackElo "2593"]
[TimeControl "180+1"]
[EndTime "8:53:48 PDT"]
[Termination "ZeGood_ZeBad_ZeUgly won by resignation"]

1. c4 e5 2. Nc3 Nf6 3. Nf3 Nc6 4. d3 Be7 5. e3 O-O 6. Be2 d5 7. cxd5 Nxd5 8. a3 Be6 9. Bd2 f6 10. Rc1 Qd7 11. O-O Kh8 12. Ne4 Rad8 13. Nc5 Bxc5 14. Rxc5 Nb6 15. b4 Bf5 16. b5 Ne7 17. e4 Be6 18. Qc2 Rc8 19. Rc1 c6 20.
a4 cxb5 21. axb5 Rxc5 22. Qxc5 Rc8 23. Qb4 Rxc1+ 24. Bxc1 Nec8 25. Be3 Qd6 26. Bc5 Qc7 27. d4 exd4 28. Nxd4 Bf7 29. h3 g6 30. Bxb6 Qxb6 31.
Qf8+ Bg8 32. Bc4 Ne7 33. Nc6 1-0

[Event "Early-Titled-Tuesday-Blitz-October-10-2023"]
[Site "Chess.com"]
[Date "2023.10.10"]
[Round "5"]
[White "Grossboss19"]
[Black "esrosenberg"]
[Result "0-1"]
[WhiteElo "2521"]
[BlackElo "2387"]
[TimeControl "180+1"]
[EndTime "8:53:49 PDT"]
[Termination "esrosenberg won by resignation"]

1. Nf3 d5 2. g3 Nd7 3. Bg2 e5 4. O-O Ngf6 5. d3 Bd6 6. Nc3 c6 7.
e4 O-O 8. Re1 h6 9. Nh4 Nb6 10.
Qe2 Bg4 11. Bf3 Bxf3 12. Qxf3 Re8 13. Nf5 Bf8 14. a4 a5 15. Bd2 Kh7 16. Rad1 g6 17.
Nh4 Bg7 18. b3 Qd7 19. Bc1 Nc8 20. Bb2 d4 21. Nb1 Nd6 22. Qg2 Ng8 23. f4 exf4 24.
gxf4 b5 25. f5 g5 26. Nf3 c5 27. axb5 f6 28. Na3 Nxb5 29. Nc4 Qc6 30. Ra1 a4 31.
bxa4 Nd6 32. Nxd6 Qxd6 33. Nd2 Reb8 34. Nc4 Qc6 35. a5 Ne7 36. Bc1 Nc8 37. Bd2 Nd6 38.
Nxd6 Qxd6 39. Reb1 Qa6 40. e5 fxe5 41. Qd5 Qf6 42.
Qxc5 Qxf5 43. Rxb8 Qg4+ 44. Kh1 Qf3+ 45. Kg1 Rxb8 46. Rf1 Qg4+ 47. Kh1 Qe2 48. Rf7 Rb1+ 49. Bc1 Rxc1+ 0-1

[Event "Early-Titled-Tuesday-Blitz-October-10-2023"]
[Site "Chess.com"]
[Date "2023.10.10"]
[Round "5"]
[White "Anton_Demchenko"]
[Black "Eagle_2019"]
[Result "1-0"]
[WhiteElo "3007"]
[BlackElo "2721"]
[TimeControl "180+1"]
[EndTime "8:53:50 PDT"]
[Termination "Anton_Demchenko won by resignation"]

1. e4 e6 2. d3 c5 3. Nd2 Nc6 4. g3 Nf6 5. Bg2 d6 6. f4 Be7 7. Nh3 O-O 8. O-O Bd7 9. Nf2 b5 10. g4 Qb6 11. Kh1 d5 12. e5 Ne8 13. Nf3 f6 14. exf6 Bxf6 15. c3 Nd6 16. Qe2 Rae8 17. g5 Bd8 18. Ng4 Nf7 19. Be3 a5 20. d4 cxd4 21.
Nxd4 Nxd4 22. Bxd4 Qb7 23. Qe3 Nd6 24. Nh6+ Kh8 25.
Qe5 Re7 26. Qxd6 Qc7 27. Qxc7 Bxc7 28. Ng4 Bxf4 29. Be5 Ref7 30. h4 Bxe5 31. Nxe5 Rxf1+ 32. Rxf1 Rxf1+ 33. Bxf1 Be8 34. Bh3 Kg8 35. Bxe6+ Kf8 36.
Bxd5 Ke7 37. Be4 Ke6 38. Nf3 g6 39. Kg2 Kd6 40. Kg3 Bf7 41. a3 Kc5 42. Kf4 Be6 43. Ke5 Ba2 44. b4+ 1-0

[Event "Early-Titled-Tuesday-Blitz-October-10-2023"]
[Site "Chess.com"]
[Date "2023.10.10"]
[Round "5"]
[White "astralpulse"]
[Black "Denis_Makhnyov"]
[Result "1-0"]
[WhiteElo "2713"]
[BlackElo "2935"]
[TimeControl "180+1"]
[EndTime "8:53:50 PDT"]
[Termination "astralpulse won by checkmate"]

1. d4 d5 2. c4 e6 3. Nc3 c6 4. e3 f5 5. f4 Nf6 6. Nf3 Bd6 7.
Bd3 O-O 8. O-O Bd7 9. Bd2 Ne4 10. Bxe4 fxe4 11. Ne5 Be8 12. Qb3 Qb6 13. c5 Qxb3 14. axb3 Be7 15. b4 a6 16. h3 Nd7 17. Kh2 h5 18. g3 Nxe5 19. dxe5 Bd7 20. Ne2 Rfb8 21. Nd4 b6 22. cxb6 Rxb6 23. f5 g6 24. fxe6 Be8 25. Rac1 c5 26. bxc5 Rxb2 27. Rf2 a5 28. c6 a4 29. c7 Rc8 30. Be1 Rxf2+ 31. Bxf2 Bb4 32. Rb1 a3 33. Rxb4 a2 34. Rb8 a1=Q 35. Rxc8 Qa2 36. Rxe8+ Kg7 37. Re7+ Kf8 38. Rf7+ Kg8 39. c8=Q# 1-0

[Event "Early-Titled-Tuesday-Blitz-October-10-2023"]
[Site "Chess.com"]
[Date "2023.10.10"]
[Round "5"]
[White "Orest_Vovk"]
[Black "salomez"]
[Result "1-0"]
[WhiteElo "2528"]
[BlackElo "2313"]
[TimeControl "180+1"]
[EndTime "8:53:50 PDT"]
[Termination "Orest_Vovk won on time"]

1. h4 e5 2. h5 d5 3. h6 Nxh6 4. d4 Nc6 5. Bxh6 gxh6 6. dxe5 Nxe5 7. Nf3 Nxf3+ 8. gxf3 Be6 9. Qd4 Rg8 10. Nc3 c5 11. Qa4+ Qd7 12. Qxd7+ Kxd7 13. O-O-O Kc6 14. Bh3 Bg7 15.
e4 Bxc3 16. Bxe6 fxe6 17. exd5+ exd5 18. Rxh6+ Rg6 19. Rxg6+ hxg6 20. bxc3 Rf8 21. Rg1 Rxf3 22. Rxg6+ Kb5 23. Rd6 Kc4 24. Kb2 Rxf2 25. Rd7 b5 26.
Rxa7 d4 27. cxd4 Kxd4 28. Rh7 Kc4 29. a3 b4 30. a4 Kd5 31. a5 Kc6 32. a6 Kb6 33. a7 Rf8 34. Kb3 Ra8 35. Kc4 Rxa7 36. Rxa7 Kxa7 37. Kxc5 b3 38. cxb3 1-0

[Event "Early-Titled-Tuesday-Blitz-October-10-2023"]
[Site "Chess.com"]
[Date "2023.10.10"]
[Round "5"]
[White "GMZaven"]
[Black "KorolDimitriy75"]
[Result "1/2-1/2"]
[WhiteElo "2600"]
[BlackElo "2404"]
[TimeControl "180+1"]
[EndTime "8:53:51 PDT"]
[Termination "Game drawn by stalemate"]

1. e4 c5 2. Nf3 d6 3. d4 cxd4 4. Nxd4 Nf6 5. Nc3 g6 6. Be3 Bg7 7.
f3 O-O 8. Qd2 Nc6 9. O-O-O d5 10. exd5 Nxd5 11. Nxc6 bxc6 12. Bd4 e5 13. Bc5 Be6 14.
Ne4 Rb8 15. g4 f5 16. gxf5 gxf5 17. Ng5 e4 18. c3 Qa5 19. Nxe6 Qxa2 20. Ba3 Nxc3 21.
Qc2 Qa1+ 22. Kd2 Rfd8+ 23. Nxd8 Rxd8+ 24. Bd3 Nxd1 25. Qc4+ Kh8 26. Rxd1 Rxd3+ 27. Qxd3 Qxd1+ 28. Kxd1 exd3 29. Kd2 Be5 30. h3 Kg7 31. Kxd3 Kg6 32. Kc4 Kg5 33. Kc5 Kf4 34. Kxc6 Kxf3 35. b4 f4 36. b5 Kg2 37. Bc5 f3 38. Bxa7 f2 39. Bxf2 Kxf2 40. Kd5 Bc7 41. h4 Kg3 42. h5 Kh4 43.
Ke4 Kxh5 44. Kf3 Kg5 45. b6 Bxb6 46. Kg2 Bc7 47. Kh1 Be5 48. Kg2 h5 49. Kh1 h4 50.
Kg2 Kg4 51. Kh1 h3 52. Kg1 Kg3 53. Kh1 Bf4 54. Kg1 Be3+ 55. Kh1 Bg5 56. Kg1 Bh4 57. Kh1 Bf6 58. Kg1 Be7 59. Kh1 Bd6 60. Kg1 Kf3 61. Kh1 Kg4 62. Kg1 Bg3 63. Kh1 h2 64. Kg2 Kh4 65. Kh1 Kh3 1/2-1/2

[Event "Early-Titled-Tuesday-Blitz-October-10-2023"]
[Site "Chess.com"]
[Date "2023.10.10"]
[Round "5"]
[White "guillembaches"]
[Black "LuisFSiles"]
[Result "0-1"]
[WhiteElo "2493"]
[BlackElo "2335"]
[TimeControl "180+1"]
[EndTime "8:53:51 PDT"]
[Termination "LuisFSiles won on time"]

1. e4 c5 2. Nf3 Nc6 3. d4 cxd4 4. Nxd4 Nf6 5. Nc3 e5 6. Ndb5 d6 7. Nd5 Nxd5 8. exd5 Nb8 9. a4 Be7 10. Be2 O-O 11.
Bd2 f5 12. a5 Na6 13. b4 f4 14.
Bg4 Qe8 15. c4 Qg6 16. Bxc8 Raxc8 17. Qe2 Qxg2 18. O-O-O Qxd5 19. Na3 Qd4 20. Kb1 f3 21. Qf1 Qe4+ 22. Ka2 d5 23. c5 Nxb4+ 24. Bxb4 Qxb4 25. Rxd5 Bxc5 26. Qd3 e4 27. Qb3 Qxb3+ 28. Kxb3 Bxf2 29. Nc4 e3 30. Ne5 e2 31. Nd3 Bh4 32. Rd4 Rfd8 0-1

[Event "Early-Titled-Tuesday-Blitz-October-10-2023"]
[Site "Chess.com"]
[Date "2023.10.10"]
[Round "5"]
[White "SharapovEvgeny"]
[Black "MartinMatthiesen"]
[Result "1-0"]
[WhiteElo "2616"]
[BlackElo "2467"]
[TimeControl "180+1"]
[EndTime "8:53:52 PDT"]
[Termination "SharapovEvgeny won by resignation"]

1. e4 c5 2. Nf3 d6 3. d4 cxd4 4.
Nxd4 Nf6 5. f3 e5 6. Nb3 d5 7. Bg5 Be6 8. Bxf6 gxf6 9. exd5 Bxd5 10. Nc3 Be6 11. Qxd8+ Kxd8 12. O-O-O+ Nd7 13. Nd5 Kc8 14. Bb5 f5 15. Rhe1 Bd6 16. Bxd7+ Kxd7 17. Nc3 Ke7 18. Nb5 Bb8 19. Nc5 Rg8 20. Nxe6 fxe6 21. g3 a6 22. Nc3 h5 23. Rd3 h4 24. gxh4 Rg2 25. Re2 Rg1+ 26. Rd1 Rg6 27. Red2 Rh6 28. Rd7+ Kf6 29. Rxb7 Ba7 30. Rd6 Be3+ 31. Kb1 e4 32.
fxe4 Ke5 33. Rd3 f4 34. Rf7 Rg8 35. a4 Rxh4 36. b4 Rxh2 37. b5 axb5 38. axb5 Bd4 39. Rd7 Bxc3 40. Rxc3 Kxe4 41. Rc4+ Ke5 42. Rf7 Rf2 43.
b6 Rb8 44. b7 f3 45. Rc8 Rf1+ 46. Kb2 1-0

[Event "Early-Titled-Tuesday-Blitz-October-10-2023"]
[Site "Chess.com"]
[Date "2023.10.10"]
[Round "5"]
[White "Grischuk"]
[Black "attack2mateU"]
[Result "0-1"]
[WhiteElo "2988"]
[BlackElo "2736"]
[TimeControl "180+1"]
[EndTime "8:53:53 PDT"]
[Termination "attack2mateU won by resignation"]

1. d4 Nf6 2. Bg5 d5 3. Nf3 Ne4 4. Bh4 c5 5. e3 Nc6 6. Nbd2 Qb6 7. dxc5 Qxb2 8. Nxe4 dxe4 9. Nd2 Bg4 10. Qc1 Qc3 11.
Rb1 O-O-O 12. Rb3 Qxc5 13. Bb5 Qd5 14. c4 Qd7 15. Rb2 g5 16. Bxg5 Bg7 17. Rc2 Qd3 18.
f3 Nb4 19. Rb2 Bxb2 20. Qxb2 Nc2+ 21. Kf2 Qxd2+ 22. Kg3 exf3 23. Bc6 Qxg2+ 24. Kf4 bxc6 25. Rb1 Qxh2+ 26. Kxg4 h5+ 27. Kf5 Qh3+ 28. Ke4 Qg4+ 29. Bf4 f5+ 30. Ke5 Qg7+ 31. Ke6 Rh6+ 32. Bxh6 Rd6+ 33.
Kxf5 Qg4+ 0-1

[Event "Early-Titled-Tuesday-Blitz-October-10-2023"]
[Site "Chess.com"]
[Date "2023.10.10"]
[Round "5"]
[White "Doudou2015"]
[Black "RodTwinkz"]
[Result "0-1"]
[WhiteElo "2163"]
[BlackElo "2789"]
[TimeControl "180+1"]
[EndTime "8:53:53 PDT"]
[Termination "RodTwinkz won by checkmate"]

1. e4 c5 2. Nf3 g6 3. d4 cxd4 4. Qxd4 Nf6 5. Bg5 Nc6 6. Qe3 Bg7 7. Nc3 O-O 8. O-O-O Qa5 9. Kb1 d6 10. Nd5 Be6 11.
Bc4 Ng4 12. Qd2 Qc5 13. Bb3 Qxf2 14. Nxe7+ Kh8 15. Nd5 Qxd2 16. Rxd2 Rac8 17. h3 Nge5 18. Nxe5 dxe5 19. h4 h6 20. Be3 f5 21. exf5 Bxf5 22.
Rf2 Nd4 23. Rhf1 Nxb3 24. axb3 Bxc2+ 25. Ka2 Rxf2 26. Rxf2 Be4 27. Ne7 Re8 28. Bc5 b6 29. Ba3 Bf8 30. Nxg6+ Bxg6 31. Bxf8 Kh7 32. g4 h5 33. g5 e4 34. Bb4 e3 35. Rf6 e2 36.
Be1 Re5 37. Rd6 Kg8 38. Rd2 Ra5# 0-1

[Event "Early-Titled-Tuesday-Blitz-October-10-2023"]
[Site "Chess.com"]
[Date "2023.10.10"]
[Round "5"]
[White "lilleper1"]
[Black "Jospem"]
[Result "0-1"]
[WhiteElo "2881"]
[BlackElo "3108"]
[TimeControl "180+1"]
[EndTime "8:53:54 PDT"]
[Termination "Jospem won by resignation"]

1. d4 Nf6 2. c4 e6 3. Nf3 Bb4+ 4. Bd2 c5 5. Bxb4 cxb4 6. e3 b6 7. Be2 a5 8. O-O Bb7 9. a3 Na6 10. Ne1 O-O 11. Nd3 Qe7 12. Nd2 Ne4 13. Nxe4 Bxe4 14.
Bf3 Bxd3 15. Qxd3 Ra7 16. Rfc1 g6 17. h3 Rc8 18. Be2 Nb8 19. Qd2 bxa3 20. bxa3 d6 21. Rab1 Nd7 22. Bd1 Rac7 23. Qd3 d5 24. c5 bxc5 25.
dxc5 Nxc5 26. Qb5 Ne4 27. Rxc7 Qxc7 28. Qd3 Qc3 29. Be2 Kg7 30. g3 Qf6 31. Rf1 Rc3 32. Qb1 Rxa3 33. Qc2 Rc3 34. Qa2 Rc5 35. Bd3 Ng5 36. h4 Nf3+ 37. Kg2 Ne5 38. Be2 Nc6 39. Qa3 Qc3 40. Qa4 Qb4 41. Qa2 Qc3 42. Qa4 d4 43. exd4 Qxd4 44. Qb3 Qd5+ 45. Qxd5 exd5 46. Ra1 Nb4 47.
Kf3 Kf6 48. Ra4 Ke5 49. Ke3 f5 50. f4+ Kd6 51. Kd2 d4 52. Ra1 Rc2+ 53. Kd1 Rc3 54. Rxa5 Rxg3 55. Rb5 Nd5 0-1

[Event "Early-Titled-Tuesday-Blitz-October-10-2023"]
[Site "Chess.com"]
[Date "2023.10.10"]
[Round "5"]
[White "Man-Chuk"]
[Black "SchachmattTV_Tobi"]
[Result "1-0"]
[WhiteElo "2759"]
[BlackElo "2591"]
[TimeControl "180+1"]
[EndTime "8:53:54 PDT"]
[Termination "Man-Chuk won on time"]

1. e4 c6 2. Nf3 d5 3. Nc3 dxe4 4. Nxe4 Nf6 5. Qe2 Nxe4 6. Qxe4 Nd7 7. Bc4 Nf6 8. Qe2 Bf5 9. d3 e6 10. O-O Bd6 11. Bg5 O-O 12. Nh4 Bg6 13. Nxg6 hxg6 14.
g3 Qc7 15. a4 a5 16. c3 e5 17. h4 Rfe8 18. Rae1 Rab8 19. Qf3 b5 20. axb5 cxb5 21. Ba2 b4 22. Bc4 e4 23. Qg2 bxc3 24.
Bxf6 gxf6 25. bxc3 exd3 26. Rxe8+ Rxe8 27. Qd5 d2 28. Bb3 Rd8 29. Qxd2 Bxg3 30. Qh6 1-0

[Event "Early-Titled-Tuesday-Blitz-October-10-2023"]
[Site "Chess.com"]
[Date "2023.10.10"]
[Round "5"]
[White "lefonghua"]
[Black "Juicy_Fork"]
[Result "1-0"]
[WhiteElo "2611"]
[BlackElo "2465"]
[TimeControl "180+1"]
[EndTime "8:53:54 PDT"]
[Termination "lefonghua won on time"]

1. d4 Nf6 2. c4 g6 3. Nc3 Bg7 4.
e4 d6 5. f4 O-O 6. Nf3 c5 7. d5 e6 8. Be2 exd5 9. cxd5 Re8 10.
Nd2 Na6 11. O-O Nc7 12. a4 b6 13. Bf3 Rb8 14. Re1 a6 15. Nc4 h5 16. h3 b5 17.
Na5 Bd7 18. axb5 Nxb5 19. e5 Nh7 20. Nxb5 Bxb5 21. e6 Qf6 22. exf7+ Qxf7 23. Nc6 Rbc8 24. Ra3 Nf8 25. Kh2 Bh6 26. g3 h4 27. Bg2 hxg3+ 28. Rxg3 Bxf4 29. Bxf4 Qxf4 30. Ne7+ Rxe7 31. Rxe7 Qf6 32.
Qe1 Qxb2 33. Qe4 Qf6 34. h4 Kh8 35. h5 gxh5 36. Rf3 Qh6 37. Rff7 a5 38. Bh3 Rd8 39. Qf5 a4 40. Rf6 Qd2+ 41. Bg2 1-0

[Event "Early-Titled-Tuesday-Blitz-October-10-2023"]
[Site "Chess.com"]
[Date "2023.10.10"]
[Round "5"]
[White "MikaelyanArman"]
[Black "elprimo2012mortis"]
[Result "1-0"]
[WhiteElo "2828"]
[BlackElo "2630"]
[TimeControl "180+1"]
[EndTime "8:53:55 PDT"]
[Termination "MikaelyanArman won on time"]

1. d4 Nf6 2. Nf3 e6 3. e3 d5 4.
Bd3 Bd6 5. O-O O-O 6. b3 c5 7.
Bb2 cxd4 8. exd4 Nc6 9. a3 Qc7 10. Qe2 a6 11. Nbd2 b5 12. Ne5 Bb7 13. f4 Ne7 14.
Rf3 Nf5 15. Rh3 Rac8 16. g4 Ne7 17. g5 Ne4 18. Qh5 h6 19. Ndf3 Nf5 20. gxh6 g6 21.
Qg4 Ne3 22. Qh4 Be7 23. Ng5 Nf5 24. h7+ Kg7 25. Qg4 Bxg5 26. fxg5 Rh8 27. Bxe4 dxe4 28. d5 Qc5+ 29. Kh1 Bxd5 30. Nd7+ 1-0